 Dungeon Crawl Stone Soup version 0.19-a0-1128-gc4a0c12 (webtiles) character file.

51 Jmtri7 the Ducker (level 3, -3/27 HPs)
             Began as a Demonspawn Gladiator on Aug 12, 2016.
             Slain by a worker ant (4 damage)
             ... on level 4 of the Dungeon.
             The game lasted 00:03:31 (1207 turns).

Jmtri7 the Ducker (Demonspawn Gladiator)            Turns: 1207, Time: 00:03:32

Health: -3/27      AC:  4    Str: 15    XL:     3   Next: 58%
Magic:  3/3        EV: 13    Int:  9    God:
Gold:   103        SH:  0    Dex: 14    Spells: 0 memorised, 2 levels left

rFire  . . .     SeeInvis .     a - +0 long sword
rCold  . . .     Gourm    .     b - +0 leather armour
rNeg   . . .     Faith    .     (no shield)
rPois  .         Spirit   .     c - +0 helmet
rElec  .         Dismiss  .     (no cloak)
rCorr  .         Reflect  .     (no gloves)
SustAt .         Harm     .     (no boots)
MR     .....                    (no amulet)
Stlth  ++........               (no ring)
                                (no ring)

@:
A: nightstalker 1, spiny 1
a: no special abilities


You were on level 4 of the Dungeon.
You were not hungry.

You visited 1 branch of the dungeon, and saw 4 of its levels.

You collected 103 gold pieces.

Inventory:

Hand Weapons
 a - a +0 long sword (weapon)
Missiles
 d - 3 throwing nets (quivered)
Armour
 b - a +0 leather armour (worn)
 c - a +0 helmet (worn)
Scrolls
 g - 2 scrolls of teleportation {unknown}
 i - a scroll of amnesia {unknown}
 j - a scroll of magic mapping {unknown}
 n - 2 scrolls of enchant armour {unknown}
 q - 2 scrolls of identify {unknown}
 r - a scroll of fog {unknown}
Potions
 e - a potion of magic {unknown}
 k - a potion of degeneration {unknown}
 l - 2 potions of curing {unknown}
 p - a potion of invisibility {unknown}
 s - a potion of cure mutation {unknown}
Comestibles
 f - 3 bread rations
 h - 6 chunks of flesh
 m - 2 meat rations
 o - a beef jerky


   Skills:
 + Level 2.0 Fighting
 * Level 2.7 Long Blades
 - Level 1.7 Throwing
 * Level 4.1 Dodging


You had 2 spell levels left.
You didn't know any spells.

Dungeon Overview and Level Annotations

Branches:
Dungeon (4/15)
 Temple: D:4-7

Altars:
Fedhas
Makhleb

Annotations:
D:3 Grinder


Innate Abilities, Weirdness & Mutations

You are slightly more attuned to the shadows.
You are partially covered in sharp spines.


Message History

* * * LOW HITPOINT WARNING * * *
Unknown command.
Your leather armour prevents you from hitting the worker ant.
The worker ant is heavily wounded.
The hound misses you. The worker ant closely misses you.
The hound completely misses you.
You barely miss the worker ant.
The worker ant is heavily wounded.
The worker ant closely misses you. The hound bites you but does no damage.
The orc closely misses you.
You riposte.
You hit the orc.
The orc is lightly wounded.
The worker ant bites you.
* * * LOW HITPOINT WARNING * * *
The hound bites you but does no damage.
You barely miss the worker ant.
The worker ant is heavily wounded.
The hound misses you.
You riposte.
You barely miss the hound.
The hound is severely wounded.
The orc completely misses you. The worker ant bites you.
You die...

## #.. ##
.#.# #.# #.#.
.............
.#?#.#.#.#.#.
.............
.#.#.#.#.#.#.
.............
.#.#.#.#.#.#.
....oh@o.....
.#.#.#a#.#.#.
.............
.#.#.#.#.#.#.
#.......###
..# ### # .#


You could see a hound, a worker ant and 2 orcs.

Vanquished Creatures
  2 worms (D:2)
  A dart slug (D:2)
  An orc (D:4)
  A giant cockroach (D:1)
  5 goblins
  3 hobgoblins
  7 jackals
  2 kobolds
  2 quokkas
  A ball python (D:2)
  5 bats
  4 giant newts
  4 rats
38 creatures vanquished.

Notes
Turn   | Place    | Note
-------+----------+-------------------------------------------
     0 | D:1      | Jmtri7 the Demonspawn Gladiator began the quest for the Orb.
     0 | D:1      | Reached XP level 1. HP: 16/16 MP: 1/1
   172 | D:1      | Reached skill level 3 in Dodging
   367 | D:1      | Gained mutation: You are partially covered in sharp spines. [demonic ancestry]
   367 | D:1      | Reached XP level 2. HP: 21/22 MP: 2/2
   539 | D:2      | Found a burning altar of Makhleb.
   716 | D:2      | Gained mutation: You are slightly more attuned to the shadows. [demonic ancestry]
   716 | D:2      | Reached XP level 3. HP: 22/27 MP: 3/3
   989 | D:2      | Reached skill level 4 in Dodging
  1114 | D:3      | Found a blossoming altar of Fedhas.
  1162 | D:3      | Noticed Grinder
  1169 | D:3      | Paralysed by Grinder for 5 turns
  1206 | D:4      | HP: 1/27 [worker ant (6)]
  1207 | D:4      | Slain by a worker ant

Vault maps used:
D:1:      lemuel_arrival_cross
D:2:      nicolae_overflow_crystal_walls, minmay_strange_pillars
D:3:      old_standard_altar, lemuel_zombie_altar_yredelemnul, uniq_grinder
D:4:      lemuel_doored_altar, first_bread, serial_shops,
          nicolae_shop_overgrown_old_shop, st_stairs_11

Skill      XL: |  1  2  3 |
---------------+----------+-----
Dodging        | 3 4 |  4.1
Fighting       | |  2.0
Long Blades    | |  2.7
Throwing       | |  1.7

Action                   || total
-------------------------++-------
Melee: Long sword        ||   120
 Stab: Sleeping          ||     4
  Eat: Chunk             ||     1
Armor: Leather armour    ||    29
Dodge: Dodged            ||    75
